Croesus, chaotic male elven Ranger ----- #-...| #|...| ------- #-...| |.....| #|...| |......#### #|...-# |..{..| d #-----# --.---- #@# ### # # u # # # ### # # # # # # # ####### # # #----.--------- # # #|............| # # #.............| ### |.......>...(| ---------# -------------- |.......-# |<......| --------- Croesus the Lookout Experience level: 4 Strength: 14 Dexterity: 11 Constitution: 14 Intelligence: 13 Wisdom: 16 Charisma: 8 Health: 0(26) Energy: 32(32) Def: 6 Gold: 367 Moves: 1604 Dungeon seed: dhIrt3U_35uPO32l Game ID: Croesus_1562050819 Your Inventory: Weapons a - 38 blessed +0 elven arrows (in quiver) c - 55 uncursed +2 elven arrows d - an uncursed +1 elven dagger (weapon in hand) e - an uncursed +1 elven bow (alternate weapon; not wielded) i - 18 uncursed +0 darts o - a blessed +3 orcish dagger x - an uncursed +0 orcish dagger Armor b - an uncursed +2 elven cloak (being worn) r - an uncursed +1 orcish helm (being worn) z - an uncursed +0 pair of low boots (being worn) Comestibles f - 4 uncursed lembas wafers h - 2 uncursed lichen corpses l - an uncursed tripe ration t - an uncursed carrot B - an uncursed green mold corpse Scrolls j - an uncursed scroll of light s - an uncursed scroll of gold detection Potions u - a blessed potion of hallucination v - a blessed potion of extra healing w - an uncursed potion of levitation Tools A - an uncursed magic marker (0:67) Gems n - an uncursed worthless piece of green glass q - an uncursed worthless piece of white glass y - an uncursed worthless piece of orange glass Coins $ - 367 gold pieces Spells and supernatural/magical abilities: Name Level Category Cost Memory h - healing 1 healing 33pw 99% R - restore ability 4 healing 4000pw 99% W - pray for help -- divine ? -- Your skills at the end: Fighting Skills wands [Basic] Weapon Skills dagger [Basic] bow [Basic] Spellcasting Skills Final Attributes: You were piously aligned. You were immune to sleep. You saw invisible. You had automatic searching. You had infravision. You were stealthy. Mars was noncommittal. You are dead. Vanquished creatures: a shrieker a little dog a giant bat 2 iguanas an acid blob 3 coyotes a gas spore a large kobold 2 giant rats a green mold a gnome 2 garter snakes 5 geckos 2 jackals 2 foxes 3 kobolds 5 goblins 2 grid bugs 3 lichens a newt 40 creatures vanquished. Voluntary challenges: You were an atheist. You used a wielded weapon 44 times, starting on turn 158. You read items or engraved 18 times, starting on turn 483. You never genocided any monsters. You never polymorphed an object. You never changed form. You used no wishes. You never split a pudding. You never wrote Elbereth's name. You never violated your personal moral code. Dungeon overview: The Dungeons of Doom: levels 1 to 4 Level 1 some fountains a long staircase Level 2 a long staircase Level 3 a vault Level 4 <- You were here a fountain History has recorded: On T:1 you entered the Dungeons of Doom to retrieve the Amulet of Yendor! On T:337 you reached level 2 of The Dungeons of Doom. On T:399 you advanced to experience level 2. On T:472 you reached level 3 of The Dungeons of Doom. On T:590 you advanced to experience level 3. On T:1211 you advanced to experience level 4. On T:1439 you reached level 4 of The Dungeons of Doom. Score breakdown: Gold: 367 ( 8728 points) Experience: 4 levels ( 9649 points) Exploration: 4 levels ( 8.33%) ( 7579 points) Discoveries: 2 items ( 0.68%) ( 2470 points) Valuables value: (no points given unless you survive) Artifact value: 0 ( 0 points) Variety of kills: 20 monsters ( 5.26%) ( 6882 points) Turncount: 1604 turns ( 0 points) Survival: died (score multiplied by 80%) Total score: 28246 Latest messages: You displace Sirius. $ - 11 gold pieces. You stop. Sirius is in the way! You stop exploring. The fox bites! You hit the fox. The fox bites! The fox misses. You miss the fox. The fox bites! You kill the fox! You stop exploring. The pony kicks! The pony just misses! You miss the pony. The pony kicks! The pony bites! You hit the pony. The pony kicks! The pony bites! You miss the pony. The pony kicks! The pony bites! The pony kicks! The pony bites! You die... Final status: Goodbye Croesus the Ranger, killed by a pony... You died in The Dungeons of Doom on dungeon level 4 with 28246 points, and 367 pieces of gold, after 1604 moves. You were level 4 with a maximum of 26 hit points when you died.